 Dungeon Crawl Stone Soup version 0.27.1-4-g1640c2035a (webtiles) character file.

Game seed: 10565574450444251421

5802 Almogavar the Destroyer (level 10, -9/74 HPs)
             Began as a Green Draconian Conjurer on Nov 9, 2021.
             Was a Follower of Sif Muna.
             Mangled by a gargoyle (15 damage)
             ... on level 8 of the Dungeon.
             The game lasted 00:41:45 (10821 turns).

Almogavar the Destroyer (Green Draconian Conjurer) Turns: 10821, Time: 00:41:46

Health: -9/74      AC: 10    Str: 10    XL:     10   Next: 50%
Magic:  7/23       EV: 12    Int: 25    God:    Sif Muna [*.....]
Gold:   451        SH:  0    Dex: 10    Spells: 13/27 levels left

rFire    . . .     SeeInvis .   s - +10 spear of Checkmate {holy, Int+4 Stlth+}
rCold    . . .     Faith    .   (no shield)
rNeg     . . .     Spirit   .   (armour unavailable)
rPois    +         Reflect  .   (helmet restricted)
rElec    .         Harm     .   d - +1 cloak
rCorr    .         Rampage  .   (no gloves)
Will     .....                  A - +0 pair of boots
Stlth    ++++......             (no amulet)
HPRegen  0.22/turn              j - ring of wizardry
MPRegen  0.18/turn              f - ring of wizardry

@: no status effects
A: breathe noxious fumes, AC +7, unfitting armour, poison resistance,
cold-blooded
a: Breathe Noxious Fumes, Renounce Religion, Channel Magic


You were on level 8 of the Dungeon.
You worshipped Sif Muna.
Sif Muna was aware of your devotion.
You visited 2 branches of the dungeon, and saw 9 of its levels.

You collected 451 gold pieces.

Inventory:

Hand Weapons
 n - a +2 short sword of venom
 s - the +10 spear of Checkmate (weapon) {holy, Int+4 Stlth+}
   (You found it on level 5 of the Dungeon)

   It has been blessed by the Shining One to cause great damage to the undead
   and demons.
   Int:       It affects your intelligence (+4).
   Stlth:     It makes you more stealthy.
Missiles
 b - 4 throwing nets
Armour
 d - a +1 cloak (worn)
 h - a +0 buckler
 u - a scarf of invisibility
 A - a +0 pair of boots (worn)
Jewellery
 f - a ring of wizardry (right hand)
 j - a ring of wizardry (left hand)
 m - a ring of resist corrosion
Wands
 w - a wand of mindburst (10)
 z - a wand of polymorph (9)
 B - a wand of paralysis (11)
Scrolls
 c - a scroll of teleportation
 g - a scroll of enchant armour
 l - a scroll of vulnerability {unknown}
 o - 2 scrolls of blinking {unknown}
 p - 2 scrolls of silence {unknown}
 q - a scroll of magic mapping {unknown}
 r - a scroll of fear {unknown}
 y - a scroll of torment {unknown}
Potions
 a - a potion of haste
 e - a potion of berserk rage
 i - a potion of curing
 k - 2 potions of lignification {unknown}
 t - a potion of magic {unknown}
 v - a potion of might {unknown}
 x - 2 potions of heal wounds {unknown}


   Skills:
 + Level 2.4 Fighting
 - Level 3.0 Short Blades
 + Level 1.1 Polearms
 + Level 3.7 Dodging
 + Level 4.8 Stealth
 + Level 9.1 Spellcasting
 + Level 10.9 Conjurations
 + Level 0.8 Hexes


You had 13 spell levels left.
You knew the following spells:

 Your Spells              Type           Power      Damage    Failure   Level
a - Magic Dart            Conj           100%       1d8       1%          1
b - Searing Ray           Conj           100%       3d7       1%          2
c - Dazzling Flash        Conj/Hex       80%        N/A       1%          3
d - Iskenderun's Mystic   Conj/Tloc      38%        2d9       1%          4
e - Fulminant Prism       Conj/Hex       20%        3d13      1%          4

Your spell library contained the following spells:

 Spells                   Type           Power      Damage    Failure   Level
 Pain                     Necr           44%        1d6       1%          1
 Slow                     Hex            15%        N/A       1%          2
 Confusing Touch          Hex            15%        N/A       3%          3
 Vampiric Draining        Necr           5%         2d6       4%          3
 Yara's Violent Unravell  Hex/Tmut       6%         3d5       30%         5
 Agony                    Necr           11%        N/A       36%         5
 Excruciating Wounds      Necr           5%         N/A       36%         5


Dungeon Overview and Level Annotations

Branches:
Dungeon (8/15)             Temple (1/1) D:6
   Lair: D:8-11

Altars:
Ashenzari
Dithmenos
Elyvilon
Hepliaklqana
Nemelex Xobeh
Ru
Sif Muna
Trog
Vehumet
Xom
Yredelemnul

Shops:
D:6 [   D:7 ?


Innate Abilities, Weirdness & Mutations

You can breathe blasts of noxious fumes.
Your lurid green scales are hard. (AC +7)
You cannot fit into any form of body armour.
Your system is resistant to poisons. (rPois)
You are cold-blooded and may be slowed by cold attacks.


Message History

The searing ray hits the large slime creature!
The large slime creature is severely wounded. (Press . to maintain the ray.) Unknown command.
The searing ray hits the large slime creature!
The large slime creature is severely wounded.
The searing ray hits the large slime creature!
The large slime creature is almost dead.
The large slime creature hits you!!
* * * LOW HITPOINT WARNING * * *
The searing ray hits the large slime creature!
The large slime creature is almost dead.
The searing ray hits the gargoyle!
The gargoyle is heavily damaged.
You finish channeling your searing ray.
The large slime creature barely misses you.
Casting: Searing Ray (safe; 1% risk of failure)
Confirm with . or Enter, or press ? or * to list all spells.
Aiming: Searing Ray (safe; 1% risk of failure)
Press: ? - help, Shift-Dir - straight line, f/p - large slime creature
Aim: a large slime creature (almost dead, 96% to hit)
The searing ray hits the large slime creature!
The large slime creature is almost dead. (Press . to maintain the ray.)
The large slime creature hits you but does no damage.
The searing ray hits the large slime creature!
You kill the large slime creature!
Sif Muna accepts your kill.
The searing ray hits the gargoyle.
The gargoyle is heavily damaged.
Your Spellcasting skill increases to level 9!
The searing ray hits the gargoyle but does no damage.
The gargoyle is heavily damaged.
The gargoyle hits you with a +0 mace of protection!
* * * LOW HITPOINT WARNING * * *
The searing ray hits the gargoyle.
The gargoyle is heavily damaged.
You finish channeling your searing ray.
The gargoyle hits you with a +0 mace of protection!
You die...

### #.. #.. #..# #.
#.#####+#..# #.#
#.##......#
##.######.##......#
#......##.##......##.##
#......##.##............
#......@9†.'.....!# 9
#.⌠.⌠..##.##......# #
#.._...........##.# ##
####⌠.⌠##.....##.# ..# .
##.....###.....##......# #
#........+.....##.##....###
#......###.....##.# ##....
#......# #.....##.# #####
#......# #.....##..# ##


You could see a gargoyle.

Vanquished Creatures
  2 two-headed ogres (D:8)
  A slime creature (D:8)
  Grinder (D:6)
  Prince Ribbit (D:6)
  Sigmund (D:3)
  A steam dragon (D:7)
  3 water moccasins
  An orc warrior (D:7)
  4 black bears
  A necrophage (D:5)
  An ice beast (D:6)
  4 ogres
  2 centaurs
  2 bullfrogs
  2 kobold brigands
  2 scorpions
  2 wyvern zombies (D:7)
  A water moccasin skeleton (D:5)
  8 wights
  3 electric eels (D:8)
  3 howler monkeys (D:4)
  A bullfrog zombie (D:5)
  A gnoll shaman (D:6)
  2 orc priests
  4 hounds
  2 iguanas
  4 orc wizards
  A hound skeleton (D:5)
  Robin (D:3)
  33 gnolls
  2 howler monkey skeletons
  4 adders
  2 white imps
  An ufetubus (D:5)
  2 worms
  A dart slug (D:2)
  39 orcs
  5 ball pythons
  8 endoplasms
  3 giant cockroaches
  12 hobgoblins
  14 jackals
  5 bats
  4 frilled lizards
  14 goblins
  2 kobolds
  4 rats (D:2)
  A bush (D:5)
218 creatures vanquished.

Vanquished Creatures (others)
  3 fulminant prisms
  46 plants
49 creatures vanquished.

Grand Total: 267 creatures vanquished

Notes
Turn   | Place    | Note
-------+----------+-------------------------------------------
     0 | D:1      | Almogavar the Draconian Conjurer began the quest for the
                  | Orb.
     0 | D:1      | Reached XP level 1. HP: 14/14 MP: 3/3
   276 | D:1      | Reached XP level 2. HP: 20/20 MP: 3/5
   329 | D:1      | Learned a level 2 spell: Searing Ray
   330 | D:1      | Found a faded altar of an unknown god.
  1221 | D:2      | Found a shimmering altar of Xom.
  1229 | D:2      | Reached XP level 3. HP: 24/26 MP: 2/6
  1955 | D:3      | Reached skill level 5 in Conjurations
  2051 | D:3      | Noticed Sigmund
  2130 | D:3      | Killed Sigmund
  2131 | D:3      | Reached XP level 4. HP: 15/33 MP: 0/8
  2131 | D:3      | Reached XP level 5. HP: 17/38 MP: 0/9
  2268 | D:3      | Noticed Robin
  2757 | D:3      | Killed Robin
  2758 | D:3      | Reached XP level 6. HP: 46/46 MP: 3/11
  2925 | D:3      | Learned a level 3 spell: Dazzling Flash
  3646 | D:4      | Reached skill level 6 in Conjurations
  4118 | D:4      | Your scales start taking on a lurid green colour.
  4118 | D:4      | Reached XP level 7. HP: 51/51 MP: 10/13
  4118 | D:4      | Gained mutation: Your system is resistant to poisons.
                  | (rPois) [Green Draconian growth]
  4149 | D:4      | Found a sacrificial altar of Ru.
  5169 | D:4      | Reached skill level 5 in Spellcasting
  5335 | D:4      | Reached skill level 1 in Fighting
  5338 | D:4      | Reached skill level 7 in Conjurations
  5412 | D:4      | Reached skill level 1 in Short Blades
  5905 | D:4      | Reached XP level 8. HP: 59/59 MP: 9/16
  5957 | D:4      | Learned a level 4 spell: Iskenderun's Mystic Blast
  6025 | D:5      | Entered Level 5 of the Dungeon
  6096 | D:5      | Identified the +10 spear of Checkmate {holy, Int+4 Stlth+}
  6156 | D:5      | You fall into a shaft and drop 2 floors!
  6773 | D:7      | Found Rietimig's Magic Scroll Shoppe.
  7065 | D:7      | Found a bloodstained altar of Trog.
  7079 | D:7      | Reached skill level 8 in Conjurations
  7114 | D:7      | Learned a level 4 spell: Fulminant Prism
  7410 | D:6      | Found a staircase to the Ecumenical Temple.
  7414 | D:6      | Reached XP level 9. HP: 67/67 MP: 4/18
  7424 | Temple   | Entered the Ecumenical Temple
  7598 | Temple   | Became a worshipper of Sif Muna the Loreminder
  7830 | D:6      | Noticed Grinder
  7866 | D:6      | Killed Grinder
  8016 | D:6      | Reached skill level 9 in Conjurations
  8114 | D:6      | Found Mokiado's Antique Armour Boutique.
  8197 | D:5      | Found a broken altar of Ashenzari.
  8768 | D:5      | Found a white marble altar of Elyvilon.
  9258 | D:6      | Noticed Prince Ribbit
  9261 | D:6      | Killed Prince Ribbit
  9512 | D:7      | Reached skill level 10 in Conjurations
  9676 | D:8      | Reached * piety under Sif Muna
  9754 | D:8      | Noticed a two-headed ogre
  9762 | D:8      | Killed a two-headed ogre
  9763 | D:8      | Reached XP level 10. HP: 29/74 MP: 7/22
 10219 | D:8      | Noticed a gargoyle
 10219 | D:8      | Noticed a cyan ugly thing
 10219 | D:8      | Noticed a gargoyle
 10593 | D:8      | Found a sparkling altar of Nemelex Xobeh.
 10667 | D:8      | Noticed a two-headed ogre
 10683 | D:8      | Killed a two-headed ogre
 10684 | D:8      | Reached skill level 1 in Polearms
 10706 | D:8      | Noticed a catoblepas
 10821 | D:8      | Mangled by a gargoyle

Illustrated notes

Levels and vault maps discovered:
D:1:      dpeg_arrival_renting, layout_rooms, dreamdust_ecumenical_altar_grove
D:2:      layout_basic, basic_altar, minmay_stone_trees_large,
          lemuel_old_faithful
D:3:      minmay_bubble_buster, layout_basic, uniq_robin, uniq_sigmund
D:4:      lemuel_castle_with_subvaults [lemuel_castle_interior_carwin_1],
          layout_loops_ring, nicolae_ru_sacrificial_ziggurat,
          dk_rats_in_the_wall
D:5:      layout_cave_pools, nicolae_elyvilon_temple_path,
          ashenzari_conservatory_becter, minmay_misc_feat_iff,
          grunt_ministairs_14, nrook_campfire, kb_lookout_dungeons_type
D:6:      layout_basic, minmay_temple_entry_overgrown, serial_shops,
          shop_statue, kennysheep_small_spiral, uniq_grinder,
          uniq_prince_ribbit1
D:7:      layout_loops_cross, trog_antimagical, serial_shops, shop_scrolls,
          minmay_misc_feat_roman, kennysheep_generic_room_3
D:8:      minmay_the_grid_octo_triangle [minmay_the_grid_octo_concentric,
          minmay_the_grid_octo_prize_square_snowflake, minmay_the_grid_octo_77],
          layout_basic, nicolae_overflow_quartered_altars,
          nemelex_xobeh_ov_fountains_minmay, serial_bayou, serial_bayou_shore_b,
          serial_bayou_lagoon_a, serial_bayou_lake_a, serial_bayou_ford_a,
          serial_bayou_pond_c
Temple:   minmay_temple_forest_path

Skill      XL: |  1  2  3  4  5  6  7  8  9 10 |
---------------+-------------------------------+-----
Stealth        | 2 3 4 |  4.8
Dodging        | 2 3 |  3.7
Conjurations   | 5 6 7 8 10 | 10.9
Spellcasting   | 3 4 5 6 8 9 |  9.1
Fighting       | 1 2 |  2.4
Short Blades   | 1 2 3 |  3.0
Polearms       | 1 |  1.1
Hexes          | |  0.8

Action                   |  1- 3 |  4- 6 |  7- 9 | 10-12 || total
-------------------------+-------+-------+-------+-------++-------
Melee: Unarmed           |     5 |       |       |       ||     5
       Tailslap          |     1 |       |    13 |       ||    14
       Dagger            |     2 |       |       |       ||     2
       Short sword       |     3 |    10 |    32 |       ||    45
       Spear             |       |       |    37 |       ||    37
 Cast: Magic Dart        |    63 |    34 |   128 |     6 ||   231
       Searing Ray       |     5 |    24 |    82 |    19 ||   130
       Fulminant Prism   |       |       |     2 |     1 ||     3
       Iskenderun's Myst |       |       |     1 |       ||     1
 Abil: Breathe Noxious F |       |       |     2 |       ||     2
  Use: Scroll            |     1 |     4 |     4 |       ||     9
       Potion            |       |     3 |       |       ||     3
Armor: Skin              |     6 |    18 |    20 |     3 ||    47
Dodge: Dodged            |     8 |    25 |    30 |     6 ||    69
